 Dungeon Crawl Stone Soup version 0.14-a0-2091-gca92d1a (webtiles) character file.

98 Kae the Firebug (level 3, -1/19 HPs)
             Began as a Deep Elf Fire Elementalist on Jan 25, 2014.
             Slain by Crazy Yiuf
             ... wielding a +2,+4 quarterstaff of chaos
              (12 damage)
             ... on Level 2 of the Dungeon.
             The game lasted 00:01:34 (1336 turns).

Kae the Firebug (Deep Elf Fire Elementalist)        Turns: 1336, Time: 00:01:35

HP  -1/19        AC  2     Str  6      XL: 3   Next: 10%
MP   4/11        EV 13     Int 19      God:
Gold 66          SH  0     Dex 15      Spells:  1 memorised,  7 levels left

rFire  . . .     SeeInvis .     (no weapon)
rCold  . . .     Clarity  .     a - +0 elf robe
rNeg   . . .     Conserve .     (no shield)
rPois  .         rCorr    .     (no helmet)
rElec  .         rRot     .     (no cloak)
SustAb . .       Spirit   .     (no gloves)
rMut   .         Warding  .     (no boots)
Saprov . . .     Stasis   .     (no amulet)
MR     .....                    (no ring)
                                (no ring)

@: about to teleport, not resistant to hostile enchantments, fairly stealthy
A: no striking features
a: no special abilities


You were on level 2 of the Dungeon.
You were not hungry.

You visited 1 branch of the dungeon, and saw 2 of its levels.

You collected 66 gold pieces.

Inventory:

Armour
 a - a +0 elven robe (worn)
Magical devices
 d - a wand of polymorph (15) {unknown}
Comestibles
 c - 2 bread rations
 m - a choko
Scrolls
 e - 3 scrolls of remove curse {unknown}
 h - 2 scrolls of identify {unknown}
 i - a scroll of curse jewellery {unknown}
 j - a scroll of curse armour {unknown}
 k - a scroll of immolation {unknown}
Potions
 f - a potion of heal wounds {unknown}
 g - a potion of lignification {unknown}
 l - 2 potions of curing
Books
 b - a book of Flames

   Spells                             Type                      Level
   *Flame Tongue                      Conjuration/Fire             1
   Throw Flame                        Conjuration/Fire             2
   Conjure Flame                      Conjuration/Fire             3
   Inner Flame                        Hexes/Fire                   3
   Sticky Flame                       Conjuration/Fire             4
   Fireball                           Conjuration/Fire             5
Magical staves
 n - an uncursed staff of summoning {unknown}


   Skills:
 - Level 2.4 Dodging
 - Level 2.4 Stealth
 + Level 3.4 Spellcasting
 * Level 2.4 Conjurations
 * Level 3.8 Fire Magic


You had 7 spell levels left.
You knew the following spells:

 Your Spells              Type           Power        Failure   Level  Hunger
a - Flame Tongue          Conj/Fire      ###..        6%          1    None


Dungeon Overview and Level Annotations

Branches:
Dungeon (2/16)

Altars:
Fedhas
Kikubaaqudgha
Trog

Annotations:
D:2 Crazy Yiuf


Message History

Aim: Crazy Yiuf, wielding a quarterstaff of chaos and wearing a glowing cloak (severely wounded)
The flame misses Crazy Yiuf.
Crazy Yiuf closely misses you.
Casting: Flame Tongue
Confirm with . or Enter, or press ? or * to list all spells.
Aiming: Flame Tongue
Press: ? - help, Shift-Dir - straight line, f/p - Crazy Yiuf
Aim: Crazy Yiuf, wielding a quarterstaff of chaos and wearing a glowing cloak (severely wounded)
The flame hits Crazy Yiuf.
Crazy Yiuf appears unharmed.
Crazy Yiuf is severely wounded.
Crazy Yiuf hits you with a quarterstaff of chaos!
You feel strangely unstable.
Casting: Flame Tongue
Confirm with . or Enter, or press ? or * to list all spells.
Aiming: Flame Tongue
Press: ? - help, Shift-Dir - straight line, f/p - Crazy Yiuf
Aim: Crazy Yiuf, wielding a quarterstaff of chaos and wearing a glowing cloak (severely wounded)
The flame misses Crazy Yiuf.
Crazy Yiuf hits you with a quarterstaff of chaos!
Ouch! That really hurt!
You die...

#.[...# #.#.#.. #...###
#.#.#.. #...# #.#.###
#...# ##### #.#.... #####
#..)# ######.#.### #...#
#....#.#.... ...
####.#.#.### #g#
#.#.#.#.# # ##@#
##.#.#.#%### ### #.##
#..#.#...... ..# ##.#
##.#.###.##. ..# ####
#.## #.#.# #.##. ..# #..#
##.## #.#.# #.##.
..#######..# #.ff##
##.#.###.##. .>'.....'..#
#....# #...........
..#######..# #+..+#
##.#.....##. ###
#.####....#####.#####.##.


You could see Crazy Yiuf.

Vanquished Creatures
  An adder (D:2)
  An ooze (D:2)
  2 giant cockroaches
  3 goblins
  3 hobgoblins (D:2)
  A ball python (D:2)
  5 bats
  A giant newt (D:2)
  3 kobolds (D:1)
  2 rats
22 creatures vanquished.

Notes
Turn   | Place    | Note
--------------------------------------------------------------
     0 | D:1      | Kae, the Deep Elf Fire Elementalist, began the quest for the Orb.
     0 | D:1      | Reached XP level 1. HP: 10/10 MP: 5/5
   183 | D:1      | Reached XP level 2. HP: 15/15 MP: 6/8
   591 | D:2      | Found a blossoming altar of Fedhas.
   592 | D:2      | Found an ancient bone altar of Kikubaaqudgha.
  1039 | D:2      | Reached XP level 3. HP: 19/19 MP: 9/11
  1209 | D:2      | Found a bloodstained altar of Trog.
  1329 | D:2      | Noticed Crazy Yiuf
  1336 | D:2      | Slain by Crazy Yiuf

Action                   || total
-------------------------++-------
Melee: Unarmed           ||    14
 Cast: Flame Tongue      ||    41
  Use: Potion            ||     1
